[Event "Titled Tuesday Blitz March 01 Early 2022"]
[White "Matveeva, Olga"]
[Black "Dovbnia, Nikita"]
[WhiteFideId "24107018"]
[BlackFideId "54104599"]
[WhiteElo "2083"]
[BlackElo "2111"]
[Result "1-0"]
[Round "03"]
[TimeControl "180+1"]
[Date "2022.03.01"]
[WhiteClock "0:00:17"]
[BlackClock "0:00:03"]

1. d4 Nf6 2. c4 e6 3. g3 d5 4. Nf3 Nbd7 5. Bg2 c6 6. O-O dxc4 7. Qc2 b5 8. b3 Bd6 9. bxc4 O-O 10. Nbd2 Bb7 11. c5 Be7 12. e4 Rc8 13. a4 e5 14. Bb2 exd4 15. Bxd4 bxa4 16. Rxa4 Qc7 17. Rxa7 Ra8 18. Rfa1 Rxa7 19. Rxa7 Qb8 20. Qa4 Nxc5 21. Qa2 Ncxe4 22. Be5 Qc8 23. Nc4 Bc5 24. Ra5 Bxf2+ 25. Kh1 Qe6 26. Nd4 Qg4 27. Bf3 Qh3 28. Bg2 Nxg3+ 29. Bxg3 Qxg2+ 30. Kxg2 Bxg3 31. Kxg3 c5 32. Nf5 Ne4+ 33. Kf4 g5+ 34. Ke3 Re8 35. Kd3 Rd8+ 36. Kc2 Nf6 37. Ra7 Be4+ 38. Kc1 Bxf5 39. Ne5 Be6 40. Qg2 h6 41. h4 Bd5 42. Qg3 Ne4 43. Qg1 f6 44. hxg5 hxg5 45. Qh2 fxe5 46. Qh7+ Kf8 47. Qg7+ Ke8 48. Qe7# 1-0


[Site "https://www.chess.com"]

[Event "Titled Tuesday Blitz March 01 Early 2022"]
[White "Maung, Maung Kyaw Zaw Hein"]
[Black "Jary, Sergey"]
[WhiteFideId "13001698"]
[BlackFideId "14110350"]
[WhiteElo "1785"]
[BlackElo "2260"]
[Result "0-1"]
[Round "03"]
[TimeControl "180+1"]
[Date "2022.03.01"]
[WhiteClock "0:00:11"]
[BlackClock "0:00:44"]

1. Nf3 c5 2. c4 Nc6 3. d4 cxd4 4. Nxd4 g6 5. e4 Nf6 6. Nc3 d6 7. Be2 Nxd4 8. Qxd4 Bg7 9. Be3 O-O 10. Qd2 a6 11. O-O Qa5 12. f3 Be6 13. Nd5 Qxd2 14. Nxe7+ Kh8 15. Bxd2 Rfe8 16. Nd5 Nxd5 17. cxd5 Bxd5 18. Bd3 Be6 19. Bc3 Bxc3 20. bxc3 Rac8 21. Rfc1 Rc5 22. Rc2 Rec8 23. Rac1 d5 24. exd5 Rxd5 25. Be4 Rd7 26. c4 Rc5 27. Rb2 b5 28. Rbc2 Rxc4 29. Kf2 f5 30. Bc6 Rxc2+ 31. Rxc2 Rc7 32. Ke3 Kg7 33. Kd4 Bxa2 34. Kc5 Bf7 35. Kb6 Re7 36. Kxa6 b4 37. Ka5 b3 38. Rb2 Kf6 39. f4 Rc7 40. Kb6 Rc8 41. Ba4 h5 42. Kb5 Be8+ 43. Kb4 Rb8+ 44. Ka3 Ra8 45. Rxb3 Rxa4+ 46. Kb2 Rxf4 47. Rb6+ Kg7 48. Kc3 Bf7 49. Kd3 Rf2 50. g3 Rxh2 51. Ke3 Rc2 52. Kf3 g5 53. g4 Rc3+ 54. Kg2 hxg4 55. Rd6 f4 56. Rd2 Kg6 57. Rb2 Kh5 58. Rd2 g3 59. Re2 Kg4 60. Rd2 f3+ 0-1


[Site "https://www.chess.com"]

[Event "Titled Tuesday Blitz March 01 Early 2022"]
[White "Melian, Juan Sebastian"]
[Black "Kezin, Roman"]
[WhiteFideId "3706575"]
[BlackFideId "24124621"]
[WhiteElo "1842"]
[BlackElo "2509"]
[Result "0-1"]
[Round "03"]
[TimeControl "180+1"]
[Date "2022.03.01"]
[WhiteClock "0:00:02"]
[BlackClock "0:02:10"]

1. e4 e5 2. Nc3 c6 3. Nf3 Qe7 4. d4 d6 5. Bc4 g6 6. Be3 Bg7 7. Qd2 Nf6 8. dxe5 dxe5 9. O-O-O O-O 10. Bb3 Ng4 11. Bg5 Qc5 12. h3 Nf6 13. Bh6 Nbd7 14. Bxg7 Kxg7 15. Ne1 a5 16. Nd3 Qe7 17. a3 b5 18. f4 b4 19. Nb1 Nxe4 20. Qe3 Nec5 21. Nxc5 Nxc5 22. Qxe5+ Qxe5 23. fxe5 Nxb3+ 24. cxb3 Be6 25. Nd2 a4 26. bxa4 Rxa4 27. axb4 Rxb4 28. Rhe1 Rfb8 29. Re3 Rxb2 30. Rc3 Bd5 31. g4 Ra2 32. Nc4 Rh2 33. Ne3 Be4 0-1


[Site "https://www.chess.com"]

[Event "Titled Tuesday Blitz March 01 Early 2022"]
[White "Mikhalsky, Vladimir"]
[Black "Kornyukov, Alexey"]
[WhiteFideId "14144352"]
[BlackFideId "4150457"]
[WhiteElo "2248"]
[BlackElo "2303"]
[Result "1-0"]
[Round "03"]
[TimeControl "180+1"]
[Date "2022.03.01"]
[WhiteClock "0:01:53"]
[BlackClock "0:02:25"]

1. c4 e5 2. Nc3 Nf6 3. g3 Bc5 4. Bg2 O-O 5. e3 Nc6 6. Nge2 d6 7. O-O Bf5 8. a3 a5 9. h3 Qd7 10. Kh2 Bd3 11. b3 e4 12. f3 exf3 13. Rxf3 Rfe8 14. Bb2 Re7 15. Rxf6 gxf6 16. Nd5 Re5 17. Nxf6+ Kg7 18. Nxd7 1-0


[Site "https://www.chess.com"]

[Event "Titled Tuesday Blitz March 01 Early 2022"]
[White "Mikhnenko, Alexander"]
[Black "Csonka, Balazs"]
[WhiteFideId "34143014"]
[BlackFideId "742910"]
[WhiteElo "2140"]
[BlackElo "2404"]
[Result "1/2-1/2"]
[Round "03"]
[TimeControl "180+1"]
[Date "2022.03.01"]
[WhiteClock "0:00:15"]
[BlackClock "0:00:05"]

1. e4 c5 2. Nf3 Nc6 3. d4 cxd4 4. Nxd4 Qb6 5. Nb3 Nf6 6. Nc3 e6 7. Be3 Qc7 8. f3 Bb4 9. Qd2 d5 10. exd5 Nxd5 11. Bc4 Bxc3 12. bxc3 Nxe3 13. Qxe3 b6 14. Bb5 Bb7 15. O-O O-O 16. Rad1 Rfd8 17. Bd3 Rac8 18. Nd4 Ne5 19. Nb5 Qb8 20. Nxa7 Rc5 21. Be4 Rf8 22. Rb1 Bxe4 23. Qxc5 bxc5 24. Rxb8 Rxb8 25. fxe4 Rb7 26. Nc8 Rb2 27. Rd1 g5 28. a4 Ra2 29. Nb6 Kg7 30. h3 h5 31. Rc1 h4 32. Rb1 Rxc2 33. Ra1 Nd3 34. a5 Nf4 35. a6 Rxg2+ 36. Kh1 Rg3 37. a7 Nxh3 38. a8=Q Nf2+ 39. Kh2 Ng4+ 40. Kh1 Nf2+ 41. Kh2 Ng4+ 42. Kh1 Nf2+ 1/2-1/2


[Site "https://www.chess.com"]

[Event "Titled Tuesday Blitz March 01 Early 2022"]
[White "Mitusov, Semen"]
[Black "Zheenbekov, Nurgazy"]
[WhiteFideId "14151049"]
[BlackFideId "13800485"]
[WhiteElo "2246"]
[BlackElo "1959"]
[Result "1-0"]
[Round "03"]
[TimeControl "180+1"]
[Date "2022.03.01"]
[WhiteClock "0:00:56"]
[BlackClock "0:00:32"]

1. e4 e5 2. Nf3 Nc6 3. Bc4 Nf6 4. d3 Be7 5. O-O O-O 6. Re1 d6 7. a4 h6 8. h3 Re8 9. c3 Bf8 10. Nbd2 Be6 11. a5 a6 12. Qb3 Rb8 13. Bxe6 Rxe6 14. Nc4 Re8 15. Ne3 Ne7 16. Nh4 d5 17. Nef5 c6 18. Be3 Kh7 19. Bb6 Qd7 20. Rad1 g6 21. Nxe7 Bxe7 22. Nf3 Bf8 23. exd5 Nxd5 24. Nxe5 Qf5 25. Nf3 Nf4 26. Nd4 Qg5 27. Qxf7+ Bg7 28. g3 Rf8 29. Qd7 1-0


[Site "https://www.chess.com"]

[Event "Titled Tuesday Blitz March 01 Early 2022"]
[White "Mkrtchyan, Mariam"]
[Black "Carlsson, Ludvig"]
[WhiteFideId "13310828"]
[BlackFideId "1727010"]
[WhiteElo "1984"]
[BlackElo "2178"]
[Result "0-1"]
[Round "03"]
[TimeControl "180+1"]
[Date "2022.03.01"]
[WhiteClock "0:00:19"]
[BlackClock "0:01:15"]

1. d4 d5 2. Nf3 Nf6 3. c4 e6 4. g3 Bb4+ 5. Bd2 Be7 6. Bg2 O-O 7. O-O b6 8. cxd5 exd5 9. Nc3 Bb7 10. Ne5 Nbd7 11. Bf4 Bd6 12. Qa4 Nb8 13. Rac1 Re8 14. Rfd1 a6 15. Qb3 c6 16. Na4 b5 17. Nc5 Bxc5 18. Rxc5 Nbd7 19. Nxd7 Qxd7 20. Bf3 Ne4 21. Rc2 Re6 22. Bg4 Rae8 23. Bxe6 Rxe6 24. Qf3 g5 25. Bc1 Rf6 26. Re1 Rxf3 27. exf3 Nd6 28. Rce2 Nf5 29. Kg2 h6 30. Rd1 Bc8 31. b3 Kg7 32. f4 Nh4+ 33. Kh1 Qh3 34. Rg1 Bg4 35. gxh4 Bf3+ 36. Rg2 Qxg2# 0-1


[Site "https://www.chess.com"]

[Event "Titled Tuesday Blitz March 01 Early 2022"]
[White "Mohammad Fahad, Rahman"]
[Black "Martinez Alcantara, Jose Eduardo"]
[WhiteFideId "10207791"]
[BlackFideId "3805662"]
[WhiteElo "2323"]
[BlackElo "2690"]
[Result "0-1"]
[Round "03"]
[TimeControl "180+1"]
[Date "2022.03.01"]
[WhiteClock "0:00:09"]
[BlackClock "0:00:39"]

1. d4 Nf6 2. c4 e6 3. Nf3 Bb4+ 4. Bd2 Qe7 5. e3 b6 6. Bd3 Bb7 7. O-O Bxd2 8. Nbxd2 d6 9. Re1 O-O 10. e4 e5 11. Nb1 c5 12. d5 Nbd7 13. Nc3 Nh5 14. g3 g6 15. Nh4 Ng7 16. Qc2 Nf6 17. a3 Bc8 18. b4 Bh3 19. Rab1 Rac8 20. bxc5 Rxc5 21. Na4 Rc7 22. Ng2 Nd7 23. Ne3 Nc5 24. Bf1 Bd7 25. Nxc5 Rxc5 26. Qb3 h5 27. Nc2 h4 28. Nb4 Rfc8 29. Rbc1 Nh5 30. Nd3 R5c7 31. Nb4 Rf8 32. Be2 Qg5 33. Nc2 Kg7 34. Bxh5 Qxh5 35. Ne3 Rh8 36. Qd1 Qg5 37. Qf3 Rcc8 38. Ng2 Rcf8 39. Qe3 Qxe3 40. Nxe3 f5 41. exf5 gxf5 42. Ng2 h3 43. Nh4 Kf6 44. Rb1 Rc8 45. Rec1 Rc5 46. Nf3 f4 47. Nd2 Bf5 48. Rb3 Rhc8 49. Rf3 Rxd5 50. Rd1 Rxc4 51. gxf4 Rxd2 52. fxe5+ dxe5 0-1


[Site "https://www.chess.com"]

[Event "Titled Tuesday Blitz March 01 Early 2022"]
[White "Mohammadian, Mohammad"]
[Black "Munenga, Douglas D"]
[WhiteFideId "12566055"]
[BlackFideId "8700680"]
[WhiteElo "1543"]
[BlackElo "2207"]
[Result "0-1"]
[Round "03"]
[TimeControl "180+1"]
[Date "2022.03.01"]
[WhiteClock "0:00:02"]
[BlackClock "0:00:52"]

1. e4 c5 2. Nf3 d6 3. d4 cxd4 4. Nxd4 e5 5. Nb3 Nf6 6. Nc3 Be7 7. Be2 O-O 8. Be3 a6 9. O-O b5 10. a3 Bb7 11. f3 Nbd7 12. Qe1 Rc8 13. Qf2 Qc7 14. Rad1 h6 15. Rd2 Qb8 16. Rfd1 Rxc3 17. bxc3 Rc8 18. Rd3 Nf8 19. Qg3 Kh7 20. Kh1 Ne6 21. Qf2 Ba8 22. R1d2 Qc7 23. Bb6 Qc6 24. Be3 Nh5 25. Na5 Qc7 26. Bb6 Qd7 27. Be3 Nhf4 28. Bxf4 Nxf4 29. Qe3 Nxd3 30. Bxd3 Rxc3 31. f4 Qg4 32. fxe5 dxe5 33. Qe2 Qxe2 34. Bxe2 Rxa3 35. Nb3 Bxe4 36. Bd3 Bxd3 37. Rxd3 e4 38. Re3 f5 39. Rg3 a5 0-1


[Site "https://www.chess.com"]

[Event "Titled Tuesday Blitz March 01 Early 2022"]
[White "Molina, Roberto Junio Brito"]
[Black "Bilych, Olexiy"]
[WhiteFideId "2109450"]
[BlackFideId "14156504"]
[WhiteElo "2402"]
[BlackElo "2195"]
[Result "1-0"]
[Round "03"]
[TimeControl "180+1"]
[Date "2022.03.01"]
[WhiteClock "0:01:24"]
[BlackClock "0:00:03"]

1. d4 Nf6 2. e3 d5 3. Nf3 e6 4. Bd3 Bd6 5. Nbd2 O-O 6. O-O c5 7. dxc5 Bxc5 8. e4 Nc6 9. c3 Qc7 10. Qe2 Bd7 11. b4 Bb6 12. Bb2 a5 13. a3 axb4 14. cxb4 dxe4 15. Nxe4 Nxe4 16. Qxe4 f5 17. Qe2 Qd6 18. Rad1 Qe7 19. Ne5 Nxe5 20. Qxe5 Ba4 21. Rde1 Bb3 22. Bxf5 Qf7 23. Bxe6 Bxe6 24. Qxe6 Qxe6 25. Rxe6 Ba7 26. Re7 Rf7 27. Rxf7 Kxf7 28. Rd1 Ke6 29. Bxg7 Rc8 30. g3 Rc2 31. Bd4 Bb8 32. Rd3 Ra2 33. Be3 Kf5 34. Kg2 Ke4 35. Rd7 Rxa3 36. Rxb7 Be5 37. Rxh7 Kd5 38. Rh5 Ke4 39. h4 Rb3 40. b5 Rxb5 41. Bf4 1-0


[Site "https://www.chess.com"]

[Event "Titled Tuesday Blitz March 01 Early 2022"]
[White "Moreira, Ronaldo Alonso"]
[Black "Kushko, Dmitriy"]
[WhiteFideId "2110547"]
[BlackFideId "14162261"]
[WhiteElo "2037"]
[BlackElo "2225"]
[Result "0-1"]
[Round "03"]
[TimeControl "180+1"]
[Date "2022.03.01"]
[WhiteClock "0:00:02"]
[BlackClock "0:01:25"]

1. d4 g6 2. c4 Bg7 3. Nc3 Nf6 4. e4 d6 5. Nf3 O-O 6. h3 e5 7. d5 a5 8. Be3 Na6 9. g4 Nd7 10. a3 Nb6 11. Be2 f5 12. gxf5 gxf5 13. Rg1 Kh8 14. Bg5 Bf6 15. Qd2 Nc5 16. Qc2 fxe4 17. Nxe4 Bf5 18. Bd3 Bxg5 19. Nfxg5 Nxd3+ 20. Qxd3 Qe7 21. O-O-O Rg8 22. Qc3 Rg6 23. Rde1 Rag8 24. Rh1 Rxg5 25. Nxg5 Qxg5+ 26. Re3 Qf4 0-1


[Site "https://www.chess.com"]

[Event "Titled Tuesday Blitz March 01 Early 2022"]
[White "Mosadeghpour, Masoud"]
[Black "Budrewicz, Krzysztof"]
[WhiteFideId "12519278"]
[BlackFideId "1127950"]
[WhiteElo "2395"]
[BlackElo "2248"]
[Result "1-0"]
[Round "03"]
[TimeControl "180+1"]
[Date "2022.03.01"]
[WhiteClock "0:00:35"]
[BlackClock "0:00:09"]

1. e4 c5 2. d4 cxd4 3. c3 d3 4. Bxd3 Nc6 5. Nf3 d6 6. O-O Nf6 7. Qe2 e5 8. h3 h6 9. Rd1 Be7 10. Na3 O-O 11. Nc2 Be6 12. c4 Rc8 13. b3 a6 14. Ba3 Qc7 15. Rac1 Nh5 16. Ne3 Nf4 17. Qf1 Qa5 18. Nc2 Rfd8 19. Qe1 Qc7 20. Bf1 Qb8 21. Ne3 b5 22. cxb5 axb5 23. Nd5 Bxd5 24. exd5 b4 25. Bb2 Na5 26. g3 Ng6 27. Qe4 Bf8 28. h4 Ne7 29. Bh3 Rxc1 30. Rxc1 Qb7 31. Rd1 g6 32. h5 g5 33. Nxe5 f5 34. Bxf5 Nxf5 35. Ng4 Bg7 36. Qxf5 Bxb2 37. Nxh6+ Kg7 38. Qxg5+ Kh7 39. Qg6+ Kh8 40. Nf7+ Qxf7 41. Qxf7 1-0


[Site "https://www.chess.com"]

[Event "Titled Tuesday Blitz March 01 Early 2022"]
[White "Muhammed, Shuaau"]
[Black "Borisova, Ekaterina"]
[WhiteFideId "16700406"]
[BlackFideId "34124184"]
[WhiteElo "1674"]
[BlackElo "2034"]
[Result "1-0"]
[Round "03"]
[TimeControl "180+1"]
[Date "2022.03.01"]
[WhiteClock "0:00:50"]
[BlackClock "0:00:03"]

1. f4 d5 2. Nf3 c5 3. e3 Nc6 4. Bb5 Bg4 5. Bxc6+ bxc6 6. b3 g6 7. Bb2 Nf6 8. h3 Bxf3 9. Qxf3 Bg7 10. d3 O-O 11. O-O Nd7 12. Bxg7 Kxg7 13. e4 e6 14. Nd2 Qa5 15. Qe2 Rae8 16. Nf3 f5 17. e5 Qc3 18. Qd2 Qxd2 19. Nxd2 g5 20. g3 h5 21. Nf3 g4 22. Ng5 Nxe5 23. fxe5 Kg6 24. h4 f4 25. Rxf4 Rxf4 26. gxf4 Re7 27. Kf2 Kf5 28. Ke3 d4+ 29. Kf2 Kxf4 30. Ne4 Kxe5 31. Nxc5 Rf7+ 32. Kg2 Rf3 33. Re1+ Kd5 34. Nxe6 c5 35. Ng5 Rf6 36. Rf1 Rh6 37. Ne4 Ke5 38. Kg3 Ra6 39. a4 c4 40. Nd2 cxd3 41. cxd3 Rc6 42. Nc4+ Ke6 43. Rf4 Rc8 44. Rxd4 Rb8 45. Na5 Rf8 46. Rf4 Rd8 47. d4 Rc8 48. Nc4 Rb8 49. Re4+ Kd5 50. Re5+ Kxd4 51. Rxh5 Rxb3+ 52. Kxg4 Kxc4 53. Ra5 Rb7 54. h5 Rg7+ 55. Kf5 Kb4 56. Ra6 Rf7+ 57. Kg6 Rc7 58. h6 Rc1 59. h7 Rg1+ 60. Kf7 Rf1+ 61. Kg7 Rg1+ 62. Rg6 Rxg6+ 63. Kxg6 Kxa4 64. h8=Q a5 65. Qc3 Kb5 66. Qa3 a4 67. Kf5 1-0


[Site "https://www.chess.com"]

[Event "Titled Tuesday Blitz March 01 Early 2022"]
[White "Muradli, Mahammad"]
[Black "Alavkin, Arseny"]
[WhiteFideId "13409301"]
[BlackFideId "4120612"]
[WhiteElo "2645"]
[BlackElo "2391"]
[Result "0-1"]
[Round "03"]
[TimeControl "180+1"]
[Date "2022.03.01"]
[WhiteClock "0:00:02"]
[BlackClock "0:00:32"]

1. g3 d5 2. Bg2 Nf6 3. Nf3 Bg4 4. c4 c6 5. Ne5 Bh5 6. cxd5 cxd5 7. Nc3 Nc6 8. Qa4 Rc8 9. Nb5 Qb6 10. d3 a6 11. Nc3 e6 12. O-O Bc5 13. Nxc6 Qxc6 14. Qh4 Bg6 15. Bg5 Be7 16. Rac1 Qd7 17. e4 d4 18. Ne2 O-O 19. Nf4 h6 20. Bxf6 Bxf6 21. Qg4 Bh7 22. Nh5 Bg5 23. h4 f5 24. Rxc8 fxg4 25. Rxf8+ Kxf8 26. hxg5 hxg5 27. f3 gxf3 28. Bxf3 Kg8 29. Bg4 Bg6 30. Rf6 Bf7 31. Rf2 Qe8 32. Rxf7 Kxf7 33. Be2 Qa4 0-1


[Site "https://www.chess.com"]

[Event "Titled Tuesday Blitz March 01 Early 2022"]
[White "Murzin, Volodar"]
[Black "Sjugirov, Sanan"]
[WhiteFideId "44155573"]
[BlackFideId "4189302"]
[WhiteElo "2585"]
[BlackElo "2602"]
[Result "1/2-1/2"]
[Round "03"]
[TimeControl "180+1"]
[Date "2022.03.01"]
[WhiteClock "0:00:06"]
[BlackClock "0:00:06"]

1. e4 e5 2. Nf3 Nc6 3. Bb5 a6 4. Ba4 Nf6 5. O-O d6 6. d4 b5 7. dxe5 Nxe5 8. Nxe5 dxe5 9. Qxd8+ Kxd8 10. Bb3 Bc5 11. Nd2 Ke7 12. Nf3 Bd6 13. Bg5 Bb7 14. Rfe1 h6 15. Bxf6+ Kxf6 16. Rad1 Rhd8 17. c3 Bc5 18. Bd5 c6 19. Bb3 Bb6 20. h4 Rxd1 21. Rxd1 Rd8 22. Rxd8 Bxd8 23. Bc2 Bc8 24. g3 a5 25. a3 Be6 26. Nd2 Ke7 27. Bb3 Bd7 28. Kf1 Bb6 29. Ke2 g6 30. Bc2 f5 31. h5 f4 32. gxf4 exf4 33. hxg6 Bg4+ 34. f3 Be6 35. e5 Bc7 36. Be4 c5 37. b3 Bxe5 38. c4 b4 39. axb4 axb4 40. Kd3 h5 41. Nf1 h4 42. Nh2 Bd4 43. Ke2 Kf6 44. Kf1 Kg7 45. Kg2 h3+ 46. Kh1 Be3 47. Ng4 Bd4 48. Kh2 Bc3 49. Kxh3 Bf6 50. Kg2 Bg5 51. Kf2 Bxg4 52. fxg4 Kf6 53. Kf3 Bh6 54. Bf5 Ke5 55. g5 Bf8 56. Bd3 Bg7 57. Kg4 Bf8 58. Kf3 Bg7 59. Bc2 Bf8 60. Bb1 Bg7 61. Bc2 Bf8 62. Bb1 Bg7 63. Bc2 1/2-1/2


[Site "https://www.chess.com"]

[Event "Titled Tuesday Blitz March 01 Early 2022"]
[White "Muzzi, Eduardo"]
[Black "Kanyamarala, Tarun"]
[WhiteFideId "3001253"]
[BlackFideId "45004714"]
[WhiteElo "1932"]
[BlackElo "2144"]
[Result "0-1"]
[Round "03"]
[TimeControl "180+1"]
[Date "2022.03.01"]
[WhiteClock "0:00:32"]
[BlackClock "0:01:01"]

1. d4 f5 2. Nf3 Nf6 3. Bg5 e6 4. Nbd2 Be7 5. Bxf6 Bxf6 6. e4 O-O 7. exf5 exf5 8. Bd3 d6 9. O-O Nc6 10. c3 Ne7 11. Re1 Ng6 12. Qc2 Qd7 13. Nf1 Nf4 14. Bc4+ d5 15. Bb3 c6 16. Ne5 Qd6 17. Ng3 Ng6 18. Nxf5 Bxf5 19. Qxf5 Bh4 20. Qd7 Bxf2+ 21. Kh1 Bxe1 22. Qxd6 Rf1# 0-1


[Site "https://www.chess.com"]

[Event "Titled Tuesday Blitz March 01 Early 2022"]
[White "Nazari, Arad"]
[Black "Topalov, Aleksandar"]
[WhiteFideId "12577324"]
[BlackFideId "925659"]
[WhiteElo "2120"]
[BlackElo "2098"]
[Result "0-1"]
[Round "03"]
[TimeControl "180+1"]
[Date "2022.03.01"]
[WhiteClock "0:00:08"]
[BlackClock "0:00:12"]

1. e4 e6 2. d4 d5 3. Nd2 Nf6 4. e5 Ng8 5. f4 Ne7 6. Ndf3 h5 7. Bd3 g6 8. Ne2 Qd7 9. O-O b6 10. c3 Ba6 11. h3 Bxd3 12. Qxd3 h4 13. Nh2 Nf5 14. Ng4 Be7 15. Ne3 Nxe3 16. Bxe3 c5 17. Bf2 Nc6 18. a3 Kf8 19. b4 c4 20. Qd2 Bd8 21. Rfb1 Ne7 22. Kf1 a6 23. Ng1 Nf5 24. Nf3 Be7 25. Nh2 Ke8 26. Ng4 Kd8 27. Ne3 Nxe3+ 28. Qxe3 Kc7 29. a4 Rh5 30. Ke2 Rah8 31. Rf1 Rf5 32. Bg1 Kb7 33. Bh2 Rhh5 34. b5 a5 35. Rf3 Bf8 36. Kd2 Bh6 37. Kc2 Qe7 38. Kb2 Bf8 39. Bg1 Bh6 40. Qd2 g5 41. Be3 gxf4 42. Bf2 Qg5 43. Rg1 Qe7 44. Ka2 Bf8 45. Qb2 Rh8 46. Be1 Rg8 47. Rgf1 Bh6 48. R1f2 Ka8 49. Bd2 Rg3 50. Rxg3 hxg3 51. Rf3 Kb7 52. Qc1 Qh4 53. Qa3 Qd8 54. Qc1 Qh4 55. Qe1 Kc8 56. Bc1 Kd7 57. Ba3 Bg5 58. Bd6 Be7 59. Qc1 Bxd6 60. exd6 Qg5 61. Kb1 Qg6 62. Rxf4 Rxf4+ 63. Ka1 Rf2 0-1


[Site "https://www.chess.com"]

[Event "Titled Tuesday Blitz March 01 Early 2022"]
[White "Niyazgulova, Marina"]
[Black "Manolache, Marius"]
[WhiteFideId "24142573"]
[BlackFideId "1201530"]
[WhiteElo "2075"]
[BlackElo "2389"]
[Result "1/2-1/2"]
[Round "03"]
[TimeControl "180+1"]
[Date "2022.03.01"]
[WhiteClock "0:00:19"]
[BlackClock "0:00:29"]

1. d4 Nf6 2. c4 Nc6 3. Nf3 e6 4. Nc3 Bb4 5. Qc2 d5 6. Bg5 h6 7. Bxf6 Qxf6 8. e3 O-O 9. Bd3 dxc4 10. Bxc4 e5 11. dxe5 Nxe5 12. Nxe5 Qxe5 13. O-O Bd6 14. g3 Bh3 15. Rfd1 Rad8 16. Qe4 Qxe4 17. Nxe4 Be7 18. f3 Bf5 19. Nc3 c6 20. Kf2 b5 21. Bb3 Bc5 22. Ne2 Rfe8 23. Nd4 Bxd4 24. exd4 Be6 25. Bxe6 Rxe6 26. Rac1 Kf8 27. Rc5 a6 28. b4 Ke7 29. d5 cxd5 30. Rcxd5 Rxd5 31. Rxd5 Rc6 32. Ke3 Rc2 33. Rd2 Rxd2 34. Kxd2 Kd6 35. Kd3 Kd5 36. f4 f5 37. h3 g5 38. h4 gxh4 39. gxh4 h5 40. a3 Kc6 41. Kc3 Kd5 42. Kd3 Kc6 43. Kc3 Kd5 44. Kd3 1/2-1/2


[Site "https://www.chess.com"]

[Event "Titled Tuesday Blitz March 01 Early 2022"]
[White "Nur-Mukhametova, Alisa"]
[Black "Smith, Shreyas"]
[WhiteFideId "54117739"]
[BlackFideId "7400713"]
[WhiteElo "2015"]
[BlackElo "2129"]
[Result "1-0"]
[Round "03"]
[TimeControl "180+1"]
[Date "2022.03.01"]
[WhiteClock "0:01:16"]
[BlackClock "0:00:10"]

1. Nf3 d5 2. c4 c6 3. e3 Nf6 4. Qc2 e6 5. b3 Bd6 6. Bb2 O-O 7. d4 Nbd7 8. Nbd2 Qe7 9. Bd3 e5 10. cxd5 exd4 11. Nxd4 Ne5 12. dxc6 bxc6 13. Be2 Bb4 14. O-O c5 15. N4f3 Neg4 16. Nc4 Bb7 17. h3 Nh6 18. a3 Be4 19. Qc1 Nf5 20. axb4 cxb4 21. Ra5 Nd5 22. Nfd2 Rfe8 23. Nxe4 Qxe4 24. Bf3 1-0


[Site "https://www.chess.com"]

[Event "Titled Tuesday Blitz March 01 Early 2022"]
[White "Obolenskikh, Dmitry"]
[Black "Vusatiuk, Vladimir"]
[WhiteFideId "4156013"]
[BlackFideId "14118610"]
[WhiteElo "2512"]
[BlackElo "2157"]
[Result "1-0"]
[Round "03"]
[TimeControl "180+1"]
[Date "2022.03.01"]
[WhiteClock "0:00:46"]
[BlackClock "0:00:11"]

1. e4 Nc6 2. Nf3 f5 3. exf5 d5 4. d4 Bxf5 5. Bd3 e6 6. Bxf5 exf5 7. Bf4 Bd6 8. Qd2 Nf6 9. O-O Ne4 10. Qc1 O-O 11. Nc3 Bxf4 12. Qxf4 g5 13. Qe3 g4 14. Nxe4 fxe4 15. Nd2 Qf6 16. c3 Rae8 17. Rae1 Qg7 18. Qg3 h5 19. Qh4 Qh6 20. Nb3 Ne7 21. f3 Nf5 22. Qf2 g3 23. Qc2 gxh2+ 24. Kxh2 Ne3 25. Qc1 Nxf1+ 26. Rxf1 Qxc1 27. Nxc1 exf3 28. gxf3 Re6 29. Rf2 Kh7 30. Nd3 Rf5 31. Ne5 c5 32. f4 cxd4 33. cxd4 Ra6 34. b3 Ra4 35. bxa4 Rf6 36. Kg3 Ra6 37. Kh4 Rxa4 38. Kxh5 Rxd4 39. f5 Kg7 40. f6+ Kf8 41. f7 1-0


[Site "https://www.chess.com"]

[Event "Titled Tuesday Blitz March 01 Early 2022"]
[White "Odegov, Artem"]
[Black "Rudzinska, Michalina"]
[WhiteFideId "34183644"]
[BlackFideId "1172883"]
[WhiteElo "2277"]
[BlackElo "1904"]
[Result "0-1"]
[Round "03"]
[TimeControl "180+1"]
[Date "2022.03.01"]
[WhiteClock "0:00:19"]
[BlackClock "0:00:09"]

1. d4 d6 2. Nf3 Nf6 3. c4 g6 4. Nc3 Bg7 5. e4 O-O 6. Be2 e5 7. O-O Nc6 8. d5 Ne7 9. b4 Nh5 10. Re1 f5 11. Ng5 Nf4 12. Bxf4 exf4 13. Rc1 h6 14. Ne6 Bxe6 15. dxe6 fxe4 16. Nxe4 Qc8 17. Bg4 Nf5 18. c5 Qxe6 19. Nxd6 Qxa2 20. Re2 Qa6 21. Qd5+ Kh7 22. b5 Qa3 23. Rd1 cxd6 24. cxd6 Rad8 25. d7 b6 26. h4 Qc5 27. h5 Nd4 28. Rxd4 Qxd4 29. hxg6+ Kh8 30. Qxd4 Bxd4 31. Re7 Bg7 32. Be6 f3 33. g3 Ra8 34. Bf7 Bf6 35. Re3 Kg7 36. Bd5 Rad8 37. Bc6 Kxg6 38. Rxf3 Be7 39. Rd3 Rf6 40. Kg2 Rd6 41. Re3 Bf6 42. f4 R8xd7 43. Kf3 Rxc6 44. bxc6 Rc7 45. Re6 Kf7 46. f5 a5 47. Ke4 a4 48. Kd5 a3 49. Re2 Be7 50. g4 Ra7 51. f6 Kxf6 52. Rf2+ Kg7 53. Ke6 a2 54. Rxa2 Rxa2 55. Kxe7 Rc2 56. Kd6 Rxc6+ 57. Kxc6 Kg6 58. Kxb6 Kg5 59. Kc5 Kxg4 60. Kd4 Kf3 61. Ke5 h5 62. Kf5 h4 63. Kg5 h3 64. Kh4 h2 65. Kh3 h1=Q# 0-1


[Site "https://www.chess.com"]

[Event "Titled Tuesday Blitz March 01 Early 2022"]
[White "Ohanyan, Emin"]
[Black "Dubov, Daniil"]
[WhiteFideId "13312022"]
[BlackFideId "24126055"]
[WhiteElo "2752"]
[BlackElo "3015"]
[Result "1-0"]
[Round "03"]
[TimeControl "180+1"]
[Date "2022.03.01"]
[WhiteClock "0:00:04"]
[BlackClock "0:00:02"]

1. e4 c5 2. Nf3 d6 3. d4 cxd4 4. Nxd4 Nf6 5. Nc3 Nc6 6. Bg5 g6 7. Bxf6 exf6 8. Bc4 Bg7 9. Ndb5 O-O 10. Qxd6 f5 11. Qxd8 Rxd8 12. O-O fxe4 13. Nxe4 Bxb2 14. Rab1 Be5 15. f4 Bd4+ 16. Kh1 Na5 17. Bb3 Nxb3 18. cxb3 Bf5 19. Rbe1 Rd7 20. g4 Bxe4+ 21. Rxe4 Bb6 22. Re2 Rad8 23. Nc3 Rd2 24. Rfe1 Ba5 25. Ne4 Rxa2 26. Rxa2 Bxe1 27. Rxa7 Rd4 28. Nf6+ Kg7 29. g5 Rd8 30. Kg2 Bd2 31. Kf3 Rd4 32. Ra8 Rxf4+ 33. Ke2 1-0


[Site "https://www.chess.com"]

[Event "Titled Tuesday Blitz March 01 Early 2022"]
[White "Omariev, Maksim"]
[Black "Stefanov, Plamen"]
[WhiteFideId "4193423"]
[BlackFideId "2900980"]
[WhiteElo "2461"]
[BlackElo "2137"]
[Result "0-1"]
[Round "03"]
[TimeControl "180+1"]
[Date "2022.03.01"]
[WhiteClock "0:00:01"]
[BlackClock "0:00:16"]

1. b3 Nf6 2. Bb2 g6 3. d4 Bg7 4. d5 d6 5. e4 O-O 6. Bd3 e5 7. dxe6 Bxe6 8. Ne2 Nc6 9. a3 Re8 10. O-O Bd7 11. Nd2 Ne5 12. Rb1 a6 13. h3 Bc6 14. f4 Ned7 15. Ng3 Nc5 16. Re1 h5 17. b4 Nxd3 18. cxd3 h4 19. Ngf1 Nh5 20. Qg4 Bxb2 21. Rxb2 Qf6 22. Rb3 Qxf4 23. Nf3 Qxg4 24. hxg4 Nf4 25. Nxh4 Kg7 26. g3 Ne6 27. Nf3 Rh8 28. d4 Bb5 29. Ne3 c6 30. Kg2 Rh7 31. Rbb1 Rah8 32. Ra1 Bd3 33. Nd1 d5 34. exd5 cxd5 35. Nf2 Bc4 36. Rh1 f6 37. Rxh7+ Rxh7 38. Re1 Kf7 39. Nh3 Rh8 40. Nf4 Nxf4+ 41. gxf4 Bd3 42. Kg3 Be4 43. Nd2 f5 44. g5 Rc8 45. Re3 Rc2 46. Nb3 Rg2+ 47. Kh3 Rg1 48. Nc5 Rf1 49. Kg3 Rg1+ 50. Kf2 Rg2+ 51. Kf1 Rg4 52. Nxb7 Rxf4+ 53. Ke2 Rg4 54. Nc5 Rxg5 55. Nxa6 Rg2+ 56. Kf1 Ra2 57. b5 f4 58. Rc3 Rb2 59. Nb4 Rh2 60. b6 Rh8 61. a4 g5 62. a5 g4 63. b7 g3 64. Rc8 Rh1+ 65. Ke2 g2 66. b8=Q f3+ 67. Kd2 Rd1+ 0-1


[Site "https://www.chess.com"]